 Dungeon Crawl Stone Soup version 0.31-a0-836-g3ceb0a68c4 (webtiles) character file.

Game seed: 1104580364936990482

414 PimpSugar the Magician (level 7, 0/49 HPs)
             Began as a Djinni Hedge Wizard on Sept 27, 2023.
             Was a Priest of Ashenzari.
             Slain by a phantom (7 damage)
             ... on level 4 of the Dungeon.
             The game lasted 00:15:07 (3232 turns).

PimpSugar the Magician (Djinni Hedge Wizard)        Turns: 3232, Time: 00:15:07

Health: 0/49       AC:  3    Str:  9    XL:     7   Next: 14%
Gold:   232        EV: 12    Int: 18    God:    Ashenzari [***...] SH:  0 Dex: 12

rFire   + + .        e - +3 scythe "Share My Fanaticism" {venom, Comp, Melee} (curse)
rCold   x . .        (shield currently unavailable)
rNeg    . . .        b - +0 robe of Ashenzari's Adversity {Alch, Bglg} (curse)
rPois   ∞            c - +0 hat of the Astral Augur {Comp, Range} (curse)
rElec   .            (no cloak)
rCorr   .            i - +0 pair of gloves "Circumscribed Jealousy" {Dev, Alch} (curse)
SInv    +            (boots unavailable)
Will    .....        (no amulet)
Stlth   ++           (no ring)
HPRegen 0.28/turn    (no ring)
MPRegen 0.00/turn

%: clarity, infuse magic (-1 HP)
@: mighty, flying
A: sickness immunity, fire resistance 2, cold vulnerability 1, float, innate
caster, HP casting, extra vitality 1
a: Renounce Religion, Shatter the Chains


You were on level 4 of the Dungeon.
You worshipped Ashenzari.
Ashenzari was most pleased with you.
You visited 1 branch of the dungeon, and saw 4 of its levels.
You also visited: Sewer.

You collected 232 gold pieces.

Inventory:

Hand Weapons
 a - a +1 dagger
 e - the cursed +3 scythe "Share My Fanaticism" (weapon) {venom, Comp, Melee}
   (You took it off Sigmund on level 2 of the Dungeon)

   It has a curse which improves the following skills: Companions: Summonings
   and Necromancy.
   Melee Combat: Short Blades, Long Blades, Axes, Maces & Flails, Polearms,
   Staves and Unarmed Combat.
 q - a +0 spear
 r - a +2 dagger of venom
 s - a +0 whip of pain
 w - a +1 dagger of speed
Missiles
 f - 2 darts of dispersal
 h - 32 stones
 m - 4 poisoned darts
 p - a throwing net
Armour
 b - the cursed +0 robe of Ashenzari's Adversity (worn) {Alch, Bglg}

   It has a curse which improves the following skills: Alchemy: Poison Magic and
   Transmutations.
   Beguiling: Conjurations, Hexes and Translocations.
 c - the cursed +0 hat of the Astral Augur (worn) {Comp, Range}

   It has a curse which improves the following skills: Companions: Summonings
   and Necromancy.
   Ranged Combat: Ranged Weapons and Throwing.
 i - the cursed +0 pair of gloves "Circumscribed Jealousy" (worn) {Dev, Alch}
   (You found it on level 1 of the Dungeon)

   It has a curse which improves the following skills: Devices: Evocations and
   Shapeshifting.
   Alchemy:   Poison Magic and Transmutations.
Magical Staves
 k - a staff of earth
Wands
 n - a wand of charming (5)
 u - a wand of iceblast (4)
Scrolls
 g - a scroll of blinking
 t - 2 scrolls of teleportation
Potions
 d - a potion of might
 j - a potion of invisibility
 l - 4 potions of enlightenment
 o - a potion of lignification
 v - a potion of brilliance


   Skills:
 + Level 2.0 Fighting
 + Level 0.1(0.3) Polearms
 + Level 3.3 Dodging
 + Level 2.6 Stealth
 * Level 3.4 Spellcasting
 * Level 3.4(4.7) Conjurations
 * Level 3.4(4.7) Hexes
   Level 0.0 Charms
 * Level 3.4(5.4) Summonings
 * Level 3.4(5.4) Necromancy
 * Level 3.4(4.7) Translocations
 * Level 3.4(5.4) Transmutations
 * Level 3.4 Fire Magic
 * Level 3.4 Ice Magic
 * Level 3.4 Air Magic
 * Level 3.4 Earth Magic
 * Level 3.4(5.4) Poison Magic
 + Level 2.0 Invocations
 + Level 2.0(3.2) Evocations
 * Level 2.5(3.8) Shapeshifting


You knew the following spells:

 Your Spells              Type           Power      Damage    Failure   Level
a - Magic Dart            Conj           80%        1d7       2%          1
b - Call Imp              Summ           44%        N/A       2%          2
c - Mephitic Cloud        Conj/Pois/Air  19%        N/A       8%          3
d - Slow                  Hex            80%        N/A       2%          1
e - Blink                 Tloc           40%        N/A       3%          2
f - Searing Ray           Conj           40%        2d5       3%          2
g - Momentum Strike       Conj/Tloc      40%        3d9       3%          2
h - Kiss of Death         Conj/Necr      84%        2d11      1%          1
Your spell library was empty.

Dungeon Overview and Level Annotations

Branches:
Dungeon (4/15)              Sewer (visited)
 Temple: D:4-7

Altars:
Ashenzari
Cheibriados
The Shining One


Innate Abilities, Weirdness & Mutations

You are immune to sickness and miasma.
You are immune to poison.
Your flesh is very heat resistant. (rF++)
You are vulnerable to cold. (rC-)
You float through the air rather than walking.
You learn spells naturally, not from books.
Your magical power is your life essence.
You have superior vitality. (+4 MHP)


Message History

The giant cockroach attacks as it pursues you!
The giant cockroach closely misses you.
The giant cockroach attacks as it pursues you!
The giant cockroach barely misses you.
The giant cockroach bites you but does no damage.
You feel very mighty all of a sudden.
The gnoll bouda barks out a call to the hunt!
The gnoll picks up the pace!
The giant cockroach misses you.
You hear a shout!
You slash the giant cockroach!
You kill the giant cockroach!
The gnoll bouda gazes fiercely through you!
You feel your attacks grow feeble.
You hit the gnoll.
The gnoll is poisoned.
The gnoll is heavily wounded.
The gnoll closely misses you.
Your cerulean imp hits the gnoll but does no damage.
A ball python comes into view.
Your cerulean imp hits the gnoll with a -2 spear.
The gnoll hits you with a +0 whip.
* * * LOW HITPOINT WARNING * * *
Something hits your cerulean imp.
You slash the gnoll!
You kill the gnoll!
Your cerulean imp disappears in a puff of smoke!
You puncture the gnoll!
The gnoll is poisoned.
The gnoll is almost dead.
Your attacks no longer feel as feeble.
You kill the gnoll!
The gnoll bouda barks out a call to the hunt!
An orc comes into view. It is wielding a +0 whip.
You hear a shout!
The gnoll bouda closely misses you.
A gnoll comes into view. It is wielding a +0 spear.
The phantom completely misses you.
Items here: )) ††.
You barely miss the gnoll bouda. The gnoll bouda barely misses you.
The phantom hits you!
You die...

... #. ..# #.##..
...#. .###.#.####
.......g..## .
#.........W####
.##
#........#g@..#
..#
#.......{####S.#
#.# ###....>.#
#.... #..
..#.....g# #.....
#.# #.#.....5####
.....
##.###.####......#
....
#...##.####...W..#
...
).W5......#......#
..o
#...#####.#......#


You could see a phantom, a gnoll bouda, a gnoll (wandering) and a ball python.

Vanquished Creatures
  Sigmund (D:2)
  A sickly merfolk siren (Sewer)
  A malarious merfolk avatar (Sewer)
  5 adders
  6 gnolls
  2 river rats (Sewer)
  A worm (D:2)
  2 dart slugs (D:2)
  5 orcs
  2 bats
  4 endoplasms
  2 giant cockroaches
  4 hobgoblins
  3 jackals (D:1)
  8 kobolds
  6 quokkas
  4 ball pythons
  6 frilled lizards
  23 rats
86 creatures vanquished.

Vanquished Creatures (collateral kills)
  An adder (Sewer)
  A ball python (Sewer)
  2 goblins
  A jackal (D:1)
  A frilled lizard (Sewer)
6 creatures vanquished.

Grand Total: 92 creatures vanquished

Notes
Turn   | Place    | Note
-------+----------+-------------------------------------------
     0 | D:1      | PimpSugar the Djinni Hedge Wizard began the quest for the
                  | Orb.
     0 | D:1      | PimpSugar set off with the following spells memorised:
                  | Magic Dart, Slow, Blink, Call Imp, Mephitic Cloud.
     0 | D:1      | Reached XP level 1. HP: 15/15 MP: 0/0
   388 | D:1      | Reached XP level 2. HP: 21/21 MP: 0/0
   456 | D:1      | Found a faded altar of an unknown god.
   487 | D:1      | Prayed at the altar of an unknown god.
   487 | D:1      | Became a worshipper of Ashenzari the Shackled
   670 | D:2      | Reached XP level 3. HP: 20/26 MP: 0/0
   670 | D:2      | Learned a level 1 spell: Kiss of Death
   826 | D:2      | Found a glowing golden altar of the Shining One.
   884 | D:2      | Noticed Sigmund
  1030 | D:2      | Reached * piety under Ashenzari
  1048 | D:2      | Reached skill level 1 in Shapeshifting
  1048 | D:2      | Reached XP level 4. HP: 22/31 MP: 0/0
  1183 | D:2      | Reached skill level 1 in Fighting
  1183 | D:2      | Reached skill level 1 in Invocations
  1183 | D:2      | Reached skill level 1 in Evocations
  1402 | D:2      | Reached XP level 5. HP: 19/37 MP: 0/0
  1402 | D:2      | Learned a level 2 spell: Momentum Strike
  1481 | D:2      | Killed Sigmund
  1482 | D:2      | Reached XP level 6. HP: 26/43 MP: 0/0
  1810 | D:3      | Found a glowing drain.
  1822 | Sewer    | Entered a sewer
  2220 | Sewer    | Reached XP level 7. HP: 26/49 MP: 0/0
  2220 | Sewer    | Learned a level 2 spell: Searing Ray
  2396 | D:3      | Reached ** piety under Ashenzari
  2396 | D:3      | Reached *** piety under Ashenzari
  3185 | D:4      | Found a snail-covered altar of Cheibriados.
  3232 | D:4      | Slain by a phantom

Illustrated notes

Levels and vault maps discovered:
D:1:      psy_arrival_heroes, layout_basic, shapermc_ecumenical_altar_flowoftime
D:2:      layout_basic, basic_altar, uniq_sigmund
D:3:      layout_loops_cross, portal_sewer_entry_d
D:4:      layout_rooms, nicolae_overflow_crystal_walls, dancing_weapons_uskayaw,
          serial_shops, shop, shop, shop_fountains, nicolae_shop_waterfront,
          pf_guarded_unrand_delatra

Skill      XL: |  1  2  3  4  5  6 |
---------------+-------------------+-----
Spellcasting   | 3 |  3.4
Conjurations   | 3 |  3.4
Hexes          | 3 |  3.4
Summonings     | 3 |  3.4
Necromancy     | 3 |  3.4
Translocations | 3 |  3.4
Transmutations | 3 |  3.4
Fire Magic     | 3 |  3.4
Ice Magic      | 3 |  3.4
Air Magic      | 3 |  3.4
Earth Magic    | 3 |  3.4
Poison Magic   | 3 |  3.4
Shapeshifting  | 1 2 |  2.5
Fighting       | 1 2 |  2.0
Stealth        | 2 |  2.6
Invocations    | 1 2 |  2.0
Evocations     | 1 2 |  2.0
Dodging        | 3 |  3.3
Polearms       | |  0.1

Action                     |  1- 3 |  4- 6 |  7- 9 || total
---------------------------+-------+-------+-------++-------
  Melee: Staff             |    72 |    11 |       ||    83
         Punch             |     2 |     1 |       ||     3
         Dagger            |       |    15 |       ||    15
         Halberd           |       |    92 |    51 ||   143
   Cast: Magic Dart        |    33 |    34 |     6 ||    73
         Call Imp          |     3 |     6 |     2 ||    11
         Mephitic Cloud    |     1 |     1 |       ||     2
 Invoke: Curse Item        |     2 |       |     2 ||     4
  Evoke: Wand              |       |       |     2 ||     2
    Use: Scroll            |     3 |     2 |     1 ||     6
         Potion            |       |     2 |     1 ||     3
   Stab: Confused          |       |     2 |       ||     2
         Sleeping          |       |     1 |     2 ||     3
 Armour: Robe              |    36 |    94 |    44 ||   174
  Dodge: Dodged            |    29 |    93 |    46 ||   168

Table legend: (Time is in decaauts)
 A = Elapsed time spent in this place.
 B = Non-inter-level travel time spent in this place.
 C = Inter-level travel time spent in this place.
 D = Time resting spent in this place.
 E = Time spent auto-exploring this place.
 F = Levels seen in this place.
 G = Mean time per level.
                   A        B        C        D        E       F      G
               +--------+--------+--------+--------+--------+-----+--------+
         Total |   3316 |   3094 |    222 |    286 |   1704 |   5 |  663.2 |
       Dungeon |   2730 |   2508 |    222 |    143 |   1529 |   4 |  682.5 |
         Sewer |    585 |    585 |      0 |    143 |    175 |   1 |  585.0 |
               +--------+--------+--------+--------+--------+-----+--------+

Top non-repeatable levels by time:
     D:2: 1112 daAuts
     D:3: 900 daAuts
     D:1: 649 daAuts
   Sewer: 585 daAuts
     D:4: 67 daAuts
